 Dungeon Crawl Stone Soup version 0.32-a0-17-gb74e046682 (console) character file.

Game seed: 4715325718184783587

5597 jejorda2 the Cleaver (level 10, -1/66 (82) HPs)
             Began as a Gnoll Berserker on Jan 15, 2024.
             Was a Priest of Trog.
             Slain by a tengu warrior
             ... wielding a +3 great sword of draining
              (7 damage)
             ... on level 9 of the Dungeon.
             The game lasted 00:17:32 (8949 turns).

jejorda2 the Cleaver (Gnoll Berserker)              Turns: 8949, Time: 00:17:33

HP:   -1/66 (82)    AC: 18    Str: 22    XL:     10   Next: 73%
MP:   18/18         EV: 13    Int:  6    God:    Trog [***...]
Gold: 512           SH:  0    Dex: 11    Spells: 20/20 levels left

rFire   . . .        a - +3 battleaxe (freeze)
rCold   . . .        (shield currently unavailable)
rNeg    . . .        m - quicksilver dragon scales
rPois   .            D - +2 helmet
rElec   .            (no cloak)
rCorr   .            (no gloves)
SInv    .            k - +2 pair of boots
Will    +++..        (no amulet)
Stlth   ++           (no ring)
HPRegen 1.31/turn    (no ring)
MPRegen 0.16/turn

%: no passive effects
@: strong-willed, on berserk cooldown, regenerating, slowed, heavily drained,
very slow
A: fangs 1, strong nose, distributed training
a: Renounce Religion, Berserk, Trog's Hand


You were on level 9 of the Dungeon.
You worshipped Trog.
Trog was most pleased with you.
You visited 2 branches of the dungeon, and saw 10 of its levels.

You collected 512 gold pieces.

Inventory:

Hand Weapons
 a - a +3 battleaxe of freezing (weapon)
 b - a +0 morningstar of protection
 r - a +1 hand axe of electrocution
Missiles
 j - a throwing net
 v - 16 poisoned darts (quivered)
 x - 11 boomerangs
Armour
 k - a +2 pair of boots (worn)
 m - quicksilver dragon scales (worn)
 D - a +2 helmet (worn)
Jewellery
 F - a ring of ice
Wands
 e - a wand of polymorph (8)
 s - a wand of flame (12)
 E - a wand of light (8)
Scrolls
 c - a scroll of brand weapon
 d - a scroll of silence
 f - 2 scrolls of enchant armour
 g - a scroll of noise
 h - 4 scrolls of teleportation
 i - a scroll of fog
 q - a scroll of revelation {unknown}
 t - 2 scrolls of vulnerability
Potions
 n - a potion of ambrosia {unknown}
 o - 2 potions of lignification
 p - a potion of mutation {unknown}
 u - a potion of attraction {unknown}
 z - a potion of cancellation {unknown}
 A - a potion of heal wounds
 B - a potion of berserk rage {unknown}


   Skills:
 + Level 8.8 Fighting
 + Level 5.7 Short Blades
 + Level 5.7 Long Blades
 + Level 8.8 Axes
 + Level 5.7 Maces & Flails
 + Level 5.7 Polearms
 + Level 5.7 Staves
 + Level 5.7 Ranged Weapons
 + Level 5.7 Throwing
 + Level 7.4 Armour
 + Level 7.4 Dodging
 + Level 5.7 Stealth
 + Level 5.7 Shields
 + Level 5.7 Unarmed Combat
 + Level 5.7 Spellcasting
 + Level 4.7 Conjurations
 + Level 4.7 Hexes
 + Level 4.7 Summonings
 + Level 4.7 Necromancy
 + Level 4.7 Translocations
 + Level 4.7 Fire Magic
 + Level 4.7 Ice Magic
 + Level 4.7 Air Magic
 + Level 4.7 Earth Magic
 + Level 4.7 Alchemy
 + Level 6.3 Invocations
 + Level 5.7 Evocations
 + Level 5.2 Shapeshifting


You had 20 spell levels left.
You didn't know any spells.
Your spell library was empty.

Dungeon Overview and Level Annotations

Branches:
Dungeon (9/15)             Temple (1/1) D:7
   Lair: D:8-11         Orc: D:9-12

Altars:
Ashenzari
Cheibriados
Dithmenos
Elyvilon
Fedhas
Gozag
Hepliaklqana
Kikubaaqudgha
Makhleb
Nemelex Xobeh
Okawaru
Qazlal
Ru
Sif Muna
Trog
Uskayaw
Vehumet
Wu Jian
Xom
Yredelemnul
Zin
The Shining One


Innate Abilities, Weirdness & Mutations

You have very sharp teeth.
Your uncanny sense of smell can sniff out nearby items.
Your experience applies equally to all skills.


Message History

The tengu warrior is lightly wounded.
The tengu warrior completely misses you.
The tengu warrior pecks you but does no damage.
The tengu warrior claws you but does no damage.
You completely miss the tengu warrior.
The tengu warrior is lightly wounded.
You closely miss the tengu warrior.
The tengu warrior is lightly wounded.
The tengu warrior hits you with a +3 great sword of draining.
You feel drained.
The tengu warrior pecks you but does no damage.
The tengu warrior claws you but does no damage.
You closely miss the tengu warrior.
The tengu warrior is lightly wounded.
You are no longer berserk.
You are exhausted.
You feel yourself slow down.
The tengu warrior hits you but does no damage.
You feel drained. The tengu warrior barely misses you.
The tengu warrior closely misses you.
You miss the tengu warrior.
The tengu warrior is lightly wounded.
The tengu warrior hits you with a +3 great sword of draining!
You feel drained.
The tengu warrior pecks you but does no damage.
The tengu warrior claws you.
The tengu warrior hits you with a +3 great sword of draining!
You feel drained. The tengu warrior pecks you.
The tengu warrior claws you but does no damage.
Your skin crawls.
You feel strong-willed.
The tengu warrior hits you with a +3 great sword of draining!
* * * LOW HITPOINT WARNING * * *
You feel drained.
* * * LOW HITPOINT WARNING * * *
The tengu warrior pecks you but does no damage.
The tengu warrior claws you.
* * * LOW HITPOINT WARNING * * *
The tengu warrior hits you with a +3 great sword of draining!
You die...

#.###.###'####..##..# #..###'###
##...###........#...#####'#.....#
#.....##........#...#..#..#.>...#
.#...#.#######..##'.#..#..#######
.#####..........................#
.#...#)#..#######.#.###.#######.#
#.....##..#.....#..##.#.#
##...###..#.###.#.#.#...#
#.###.##..#.'?#.@.#####.# ∆
...#...#..#.###.#Q##....#
...#...#..#.....#....#..# ∆
...#...#..#######.#.#.#.#
#.###.##<.........#.#.#...
##...###..##.#..##.##..####
########..#.###.#.#.#.##
.......#....#####. .### ∆
)......'..#..# . .


You could see a tengu warrior.

Vanquished Creatures
  A boulder beetle (D:9)
  A kobold demonologist (D:9)
  2 hornets (D:8)
  Grinder (D:3)
  A yak (D:9)
  5 wyverns
  A steam dragon (D:7)
  2 black bears
  3 orc warriors (D:9)
  A sky beast (D:8)
  5 centaurs
  A kobold brigand (D:9)
  A gnoll sergeant (D:9)
  2 bullfrogs
  3 scorpions
  5 wights (D:9)
  13 killer bees
  3 howler monkeys (D:8)
  A bombardier beetle (D:4)
  A jelly (D:7)
  3 hounds
  4 orc priests
  A gnoll bouda (D:5)
  4 sleepcaps
  5 orc wizards
  8 gnolls
  3 adders
  A shadow imp (D:7)
  A white imp (D:6)
  4 ufetubi (D:6)
  2 ribbon worms (D:5)
  34 orcs
  5 ball pythons
  7 bats
  6 endoplasms
  2 giant cockroaches
  7 goblins
  6 hobgoblins
  4 jackals
  7 kobolds
  2 quokkas
  3 frilled lizards
  6 rats
178 creatures vanquished.

Notes
Turn   | Place    | Note
-------+----------+-------------------------------------------
     0 | D:1      | jejorda2 the Gnoll Berserker began the quest for the Orb.
     0 | D:1      | Reached XP level 1. HP: 23/23 MP: 1/1
   165 | D:1      | Reached XP level 2. HP: 29/29 MP: 2/2
   418 | D:1      | Reached XP level 3. HP: 28/35 MP: 3/3
   808 | D:2      | Reached skill level 1 in Invocations
   997 | D:2      | Reached skill level 1 in Short Blades
   997 | D:2      | Reached skill level 1 in Long Blades
   997 | D:2      | Reached skill level 1 in Maces & Flails
   997 | D:2      | Reached skill level 1 in Polearms
   997 | D:2      | Reached skill level 1 in Staves
   997 | D:2      | Reached skill level 1 in Ranged Weapons
   997 | D:2      | Reached skill level 1 in Throwing
   997 | D:2      | Reached skill level 1 in Stealth
   997 | D:2      | Reached skill level 1 in Shields
   997 | D:2      | Reached skill level 1 in Unarmed Combat
   997 | D:2      | Reached skill level 1 in Spellcasting
   997 | D:2      | Reached skill level 1 in Evocations
  1091 | D:2      | Reached ** piety under Trog
  1433 | D:2      | Found a faded altar of an unknown god.
  1585 | D:3      | Noticed Grinder
  1596 | D:3      | Killed Grinder
  1597 | D:3      | Reached skill level 1 in Conjurations
  1597 | D:3      | Reached skill level 1 in Hexes
  1597 | D:3      | Reached skill level 1 in Summonings
  1597 | D:3      | Reached skill level 1 in Necromancy
  1597 | D:3      | Reached skill level 1 in Translocations
  1597 | D:3      | Reached skill level 1 in Fire Magic
  1597 | D:3      | Reached skill level 1 in Ice Magic
  1597 | D:3      | Reached skill level 1 in Air Magic
  1597 | D:3      | Reached skill level 1 in Earth Magic
  1597 | D:3      | Reached skill level 1 in Alchemy
  1597 | D:3      | Reached skill level 1 in Shapeshifting
  1597 | D:3      | Reached XP level 4. HP: 41/41 MP: 4/6
  1597 | D:3      | Reached XP level 5. HP: 47/47 MP: 4/7
  1597 | D:3      | Reached XP level 6. HP: 53/53 MP: 4/8
  1724 | D:3      | Reached skill level 5 in Armour
  1724 | D:3      | Reached skill level 5 in Dodging
  3008 | D:5      | Entered Level 5 of the Dungeon
  3052 | D:5      | Reached XP level 7. HP: 46/60 MP: 10/10
  3877 | D:6      | Reached XP level 8. HP: 67/67 MP: 12/12
  4708 | D:7      | Reached *** piety under Trog
  5124 | D:7      | Noticed a wyvern
  5129 | D:7      | Killed a wyvern
  5130 | D:7      | Reached XP level 9. HP: 73/73 MP: 14/14
  5224 | D:7      | Found a staircase to the Ecumenical Temple.
  5267 | Temple   | Entered the Ecumenical Temple
  6366 | D:8      | Reached skill level 5 in Invocations
  7063 | D:9      | Noticed a hornet
  7064 | D:9      | Noticed a hornet
  7104 | D:8      | Killed a hornet
  7105 | D:8      | Reached skill level 5 in Short Blades
  7105 | D:8      | Reached skill level 5 in Long Blades
  7105 | D:8      | Reached skill level 5 in Maces & Flails
  7105 | D:8      | Reached skill level 5 in Polearms
  7105 | D:8      | Reached skill level 5 in Staves
  7105 | D:8      | Reached skill level 5 in Ranged Weapons
  7105 | D:8      | Reached skill level 5 in Throwing
  7105 | D:8      | Reached skill level 5 in Stealth
  7105 | D:8      | Reached skill level 5 in Shields
  7105 | D:8      | Reached skill level 5 in Unarmed Combat
  7105 | D:8      | Reached skill level 5 in Spellcasting
  7105 | D:8      | Reached skill level 5 in Evocations
  7105 | D:8      | Reached XP level 10. HP: 34/81 MP: 17/17
  7795 | D:9      | Found a broken altar of Ashenzari.
  8336 | D:9      | Reached skill level 5 in Shapeshifting
  8700 | D:9      | Noticed a boulder beetle
  8715 | D:9      | Killed a boulder beetle
  8889 | D:9      | Noticed a kobold demonologist
  8895 | D:9      | Killed a kobold demonologist
  8935 | D:9      | Noticed a tengu warrior
  8949 | D:9      | Slain by a tengu warrior

Illustrated notes

Levels and vault maps discovered:
D:1:      saegor_arrival_simple_c, layout_loops_ring
D:2:      layout_basic, shapermc_ecumenical_altar_flowoftime
D:3:      layout_rooms, uniq_grinder
D:4:      layout_gridville
D:5:      layout_basic, hex_tiny
D:6:      layout_rooms, minmay_misc_feat_alley
D:7:      layout_rooms, minmay_temple_entry_slanted, kennysheep_path_1
D:8:      layout_loops_corners
D:9:      nicolae_cairo_tiling, layout_grid_maze, ashenzari_conservatory_becter,
          serial_shops, shop, minmay_shattered_shrine
Temple:   nicolae_temple_bog_church

Skill      XL: |  1  2  3  4  5  6  7  8  9 10 |
---------------+-------------------------------+-----
Invocations    | 2 3 4 5 6 |  6.3
Short Blades   | 1 2 3 5 |  5.7
Long Blades    | 1 2 3 5 |  5.7
Maces & Flails | 1 2 3 5 |  5.7
Polearms       | 1 2 3 5 |  5.7
Staves         | 1 2 3 5 |  5.7
Ranged Weapons | 1 2 3 5 |  5.7
Throwing       | 1 2 3 5 |  5.7
Stealth        | 1 2 3 5 |  5.7
Shields        | 1 2 3 5 |  5.7
Unarmed Combat | 1 2 3 5 |  5.7
Spellcasting   | 1 2 3 5 |  5.7
Evocations     | 1 2 3 5 |  5.7
Conjurations   | 1 2 3 4 |  4.7
Hexes          | 1 2 3 4 |  4.7
Summonings     | 1 2 3 4 |  4.7
Necromancy     | 1 2 3 4 |  4.7
Translocations | 1 2 3 4 |  4.7
Fire Magic     | 1 2 3 4 |  4.7
Ice Magic      | 1 2 3 4 |  4.7
Air Magic      | 1 2 3 4 |  4.7
Earth Magic    | 1 2 3 4 |  4.7
Alchemy        | 1 2 3 4 |  4.7
Shapeshifting  | 1 2 3 4 5 |  5.2
Armour         | 5 6 7 |  7.4
Dodging        | 5 6 7 |  7.4
Fighting       | 7 8 |  8.8
Axes           | 7 8 |  8.8

Action                     |  1- 3 |  4- 6 |  7- 9 | 10-12 || total
---------------------------+-------+-------+-------+-------++-------
  Melee: Hand axe          |   140 |   104 |    27 |    84 ||   355
         Bite              |    13 |     4 |    38 |    12 ||    67
         Punch             |     6 |     1 |     6 |     5 ||    18
         Flail             |       |       |    92 |       ||    92
         Morningstar       |       |       |   164 |       ||   164
         Battleaxe         |       |       |    29 |    55 ||    84
  Throw: Dart              |       |       |     4 |     4 ||     8
 Invoke: Berserk           |     1 |     1 |     7 |     3 ||    12
         Trog's Hand       |     1 |       |     5 |     1 ||     7
  Evoke: Wand              |       |       |     3 |       ||     3
    Use: Scroll            |       |       |    19 |       ||    19
         Potion            |       |       |     3 |       ||     3
   Stab: Sleeping          |     3 |       |       |     1 ||     4
         Distracted        |       |       |       |     1 ||     1
 Armour: Animal skin       |    61 |       |       |       ||    61
         Ring mail         |     3 |    38 |       |       ||    41
         Scale mail        |       |    20 |   283 |       ||   303
         Quicksilver drago |       |       |    90 |   107 ||   197
  Dodge: Dodged            |    82 |    48 |   339 |    78 ||   547

Table legend: (Time is in decaauts)
 A = Elapsed time spent in this place.
 B = Non-inter-level travel time spent in this place.
 C = Inter-level travel time spent in this place.
 D = Time resting spent in this place.
 E = Time spent auto-exploring this place.
 F = Levels seen in this place.
 G = Mean time per level.
                   A        B        C        D        E       F      G
               +--------+--------+--------+--------+--------+-----+--------+
         Total |   9104 |   8693 |    411 |    767 |   6286 |  10 |  910.4 |
       Dungeon |   8973 |   8562 |    411 |    767 |   6158 |   9 |  997.0 |
        Temple |    130 |    130 |      0 |      0 |    128 |   1 |  130.0 |
               +--------+--------+--------+--------+--------+-----+--------+

Top non-repeatable levels by time:
     D:9: 1707 daAuts
     D:8: 1562 daAuts
     D:6: 951 daAuts
     D:2: 917 daAuts
     D:7: 885 daAuts
     D:5: 851 daAuts
     D:4: 841 daAuts
     D:1: 736 daAuts
     D:3: 519 daAuts
  Temple: 130 daAuts
